 Dungeon Crawl Stone Soup version 0.30.1-11-g7821555f0a (webtiles) character file.

Game seed: 12846633925674167808

60 Okkudo the Chopper (level 4, -2/39 HPs)
             Began as a Hill Orc Monk on Dec 10, 2023.
             Killed from afar by Ijyb (5 damage)
             ... with a puff of flame
             ... on level 3 of the Dungeon.
             The game lasted 00:04:18 (1503 turns).

Okkudo the Chopper (Hill Orc Monk)                  Turns: 1503, Time: 00:04:18

Health: -2/39      AC:  3    Str: 15    XL:     4   Next: 6%
Magic:  4/4        EV: 12    Int: 10    God:
Gold:   78         SH:  0    Dex: 13    Spells: 3/3 levels left

rFire   . . .        a - +0 hand axe
rCold   . . .        d - orb {light}
rNeg    . . .        b - +0 robe
rPois   .            f - +0 helmet
rElec   .            (no cloak)
rCorr   .            (no gloves)
SInv    .            (no boots)
Will    .....        (no amulet)
Stlth   +            (no ring)
HPRegen 0.26/turn    (no ring)
MPRegen 0.09/turn

%: no passive effects
@: glowing
A: no striking features
a: no special abilities


You were on level 3 of the Dungeon.
You visited 1 branch of the dungeon, and saw 3 of its levels.

You collected 78 gold pieces.

Inventory:

Hand Weapons
 a - a +0 hand axe (weapon)
Armour
 b - a +0 robe (worn)
 d - an orb of light (worn)
 f - a +0 helmet (worn)
Jewellery
 c - a +4 ring of protection
 j - a +6 ring of strength
Scrolls
 e - 2 scrolls of identify {unknown}
 i - 2 scrolls of teleportation {unknown}
Potions
 g - a potion of degeneration {unknown}
 h - a potion of resistance {unknown}


   Skills:
 - Level 3.6 Fighting
 * Level 6.4 Axes
 - Level 2.4 Dodging


You had 3 spell levels left.
You didn't know any spells.
Your spell library contained the following spells:

 Spells                   Type           Power      Damage    Failure   Level
 Apportation              Tloc           0%         N/A       36%         1
 Necrotise                Necr           0%         1d4       36%         1
 Summon Small Mammal      Summ           0%         N/A       36%         1
 Ensorcelled Hibernation  Hex/Ice        0%         N/A       50%         2
 Spider Form              Tmut/Pois      0%         N/A       75%         3
 Anguish                  Hex/Necr       0%         N/A       98%         4


Dungeon Overview and Level Annotations

Branches:
Dungeon (3/15)

Altars:
Dithmenos

Annotations:
D:3 Ijyb


Message History

You hit Ijyb but do no damage.
Ijyb is moderately wounded.
Ijyb hits you with a +1 dagger of protection.
You hit Ijyb.
Ijyb is heavily wounded.
Ijyb hits you with a +1 dagger of protection.
* * * LOW HITPOINT WARNING * * *
You barely miss Ijyb.
Ijyb is heavily wounded.
Ijyb hits you with a +1 dagger of protection.
* * * LOW HITPOINT WARNING * * *
You hit Ijyb.
Ijyb is heavily wounded.
Ijyb hits you with a +1 dagger of protection.
* * * LOW HITPOINT WARNING * * *
It was a potion of heal wounds.
You feel much better. Ijyb hits you but does no damage.
You barely miss Ijyb.
Ijyb is heavily wounded.
Ijyb zaps a wand.
The puff of flame misses you.
You barely miss Ijyb.
Ijyb is heavily wounded.
Ijyb hits you with a +1 dagger of protection.
You hit Ijyb but do no damage.
Ijyb is heavily wounded.
Ijyb barely misses you.
You barely miss Ijyb.
Ijyb is heavily wounded.
Ijyb hits you with a +1 dagger of protection.
You hit Ijyb.
Ijyb is severely wounded.
Ijyb zaps a wand.
The puff of flame hits you!
You hit Ijyb.
Ijyb is almost dead.
Ijyb zaps a wand.
The puff of flame hits you!
* * * LOW HITPOINT WARNING * * *
You hit Ijyb.
Ijyb is almost dead.
Ijyb zaps a wand.
The puff of flame hits you.
You die...

##### ...#
#####.#########
..............#
#g#†### #.@...#
#.....# #..).)#
#.....# #.....# ##
###.#.# .$. #.#.#
#.#######.#.#.#
####........§>...#


You could see Ijyb.

Vanquished Creatures
  A gnoll (D:1)
  An adder (D:2)
  2 dart slugs (D:1)
  2 endoplasms (D:1)
  A giant cockroach (D:1)
  5 hobgoblins
  3 jackals (D:1)
  A kobold (D:1)
  5 quokkas
  3 ball pythons
  3 bats
  4 frilled lizards
  2 goblins (D:2)
  A rat (D:2)
34 creatures vanquished.

Notes
Turn   | Place    | Note
-------+----------+-------------------------------------------
     0 | D:1      | Okkudo the Hill Orc Monk began the quest for the Orb.
     0 | D:1      | Reached XP level 1. HP: 19/19 MP: 1/1
    32 | D:1      | Reached skill level 5 in Axes
    32 | D:1      | Reached XP level 2. HP: 10/26 MP: 2/2
   253 | D:1      | Reached XP level 3. HP: 29/31 MP: 3/3
   427 | D:1      | You fall into a shaft and drop 1 floor!
   741 | D:2      | Found a faded altar of an unknown god.
   813 | D:2      | Reached skill level 6 in Axes
  1327 | D:2      | Reached XP level 4. HP: 39/39 MP: 4/4
  1452 | D:3      | Found a shadowy altar of Dithmenos.
  1465 | D:3      | Noticed Ijyb
  1503 | D:3      | Killed from afar by Ijyb

Illustrated notes

Levels and vault maps discovered:
D:1:      sevenhm_arrival_forest_fort_large_4, layout_rooms,
          minmay_misc_feat_room
D:2:      layout_basic, shapermc_ecumenical_altar_notcrosses
D:3:      layout_loops_ring, grunt_dithmenos_smoke, minivault_26, uniq_ijyb

Skill      XL: |  1  2  3 |
---------------+----------+-----
Axes           | 5 6 |  6.4
Fighting       | |  3.6
Dodging        | |  2.4

Action                     |  1- 3 |  4- 6 || total
---------------------------+-------+-------++-------
  Melee: Hand axe          |    77 |    26 ||   103
    Use: Potion            |       |     2 ||     2
 Armour: Robe              |    19 |     4 ||    23
  Dodge: Dodged            |    57 |    17 ||    74
